 Dungeon Crawl Stone Soup version 0.28-b1-25-g9875b3fc8c (webtiles) character file.

Game seed: 4530779434589049896

77 tilp the Sneak (level 4, -2/24 HPs)
             Began as a Tengu Enchanter on Feb 5, 2022.
             Slain by Natasha (3 damage)
             ... on level 2 of the Dungeon.
             The game lasted 00:02:10 (1909 turns).

tilp the Sneak (Tengu Enchanter)                    Turns: 1909, Time: 00:02:11

Health: -2/24      AC:  3    Str:  9    XL:     4   Next: 34%
Magic:  7/9        EV: 12    Int: 17    God:
Gold:   94         SH:  0    Dex: 14    Spells: 6/8 levels left

rFire   . . .      SeeInvis .   a - +1 dagger
rCold   . . .      Faith    .   (no shield)
rNeg    . . .      Spirit   .   b - +1 robe
rPois   .          Reflect  .   (helmet restricted)
rElec   .          Harm     .   (no cloak)
rCorr   .          Rampage  .   (no gloves)
Will    .....                   (boots unavailable)
Stlth   ++........              (no amulet)
HPRegen 0.08/turn               (no ring)
MPRegen 0.11/turn               (no ring)

@: no status effects
A: beak, talons 3
a: no special abilities


You were on level 2 of the Dungeon.
You visited 1 branch of the dungeon, and saw 2 of its levels.

You collected 94 gold pieces.

Inventory:

Hand Weapons
 a - a +1 dagger (weapon)
Missiles
 d - 5 silver javelins
 i - 21 stones (quivered)
 j - 8 poisoned darts
Armour
 b - a +1 robe (worn)
Scrolls
 f - a scroll of vulnerability {unknown}
 k - a scroll of identify {unknown}
 m - a scroll of torment {unknown}
 n - a scroll of holy word {unknown}
Potions
 c - a potion of invisibility
 e - a potion of heal wounds {unknown}
 g - a potion of berserk rage {unknown}
 h - a potion of ambrosia {unknown}
 l - a potion of haste {unknown}


   Skills:
 - Level 2.0 Short Blades
 - Level 2.1 Dodging
 - Level 3.0 Stealth
 + Level 2.7 Spellcasting
 + Level 2.8 Hexes
 + Level 1.4 Ice Magic


You had 6 spell levels left.
You knew the following spells:

 Your Spells              Type           Power      Damage    Failure   Level
a - Ensorcelled Hibernat  Hex/Ice        18%        N/A       12%         2

Your spell library contained the following spells:

 Spells                   Type           Power      Damage    Failure   Level
 Confusing Touch          Hex            11%        N/A       17%         3
 Tukima's Dance           Hex            11%        N/A       17%         3
 Dazzling Flash           Conj/Hex       14%        N/A       30%         3


Dungeon Overview and Level Annotations

Branches:
Dungeon (2/15)

Altars:

Annotations:
D:2 Natasha


Innate Abilities, Weirdness & Mutations

You have a beak for a mouth.
You have claws for feet.


Message History

The helpless kobold fails to defend itself.
You puncture the kobold!
You kill the kobold!
Things that are here:
a +0 short sword; a kobold corpse Natasha, Servant of Life and Death comes into view.
Natasha is nearby!
Natasha is nearby!
Natasha is nearby!
Natasha is nearby!
Natasha hisses angrily.
Natasha casts a spell.
Casting: Ensorcelled Hibernation (safe; 12% risk of failure)
Confirm with . or Enter, or press ? or * to list all spells.
Aiming: Ensorcelled Hibernation (safe; 12% risk of failure)
Press: ? - help, Shift-Dir - straight line, f - Natasha
Aim: Natasha (chance to affect: 43%) Natasha looks drowsy...
The white imp hits you but does no damage.
Unknown command.
You barely miss the white imp. You claw the white imp.
You punch the white imp, but do no damage.
The white imp is moderately wounded.
You barely miss the white imp.
You claw the white imp, but do no damage.
The white imp is moderately wounded.
The white imp gestures at you. The puff of frost hits you!
Unknown command.
Natasha hisses angrily.
The white imp gestures at you. The puff of frost hits you!
* * * LOW HITPOINT WARNING * * *
Natasha mumbles some strange words.
The white imp hits you.
* * * LOW HITPOINT WARNING * * *
The white imp freezes you.
* * * LOW HITPOINT WARNING * * *
Natasha claws you.
You die...

#........... #...# #........###
#...# ###..........
####...######............
#########..........##.#..........
#..................##............
...............<...##............
.................5...............
..........)....h@................
...................##............
.................5.##............
...................##............
............###.####............<
#...............###.......#.####.
#######.##.##...##...............
#.#..####............###...
#.#.## ##.#.........#...##


You could see Natasha, a white imp (summoned) and a shadow imp (summoned).

Vanquished Creatures
  Natasha (D:2)
  A hound skeleton (D:2)
  An adder (D:2)
  4 bats
  3 endoplasms (D:2)
  2 giant cockroaches (D:1)
  4 hobgoblins
  4 kobolds
  A quokka (D:2)
  3 ball pythons (D:2)
  3 frilled lizards
  A goblin (D:1)
  3 rats
31 creatures vanquished.

Notes
Turn   | Place    | Note
-------+----------+-------------------------------------------
     0 | D:1      | tilp the Tengu Enchanter began the quest for the Orb.
     0 | D:1      | Reached XP level 1. HP: 10/10 MP: 4/4
   137 | D:1      | Reached XP level 2. HP: 12/15 MP: 6/6
   163 | D:1      | Learned a level 2 spell: Ensorcelled Hibernation
   741 | D:1      | You fall into a shaft and drop 1 floor!
  1347 | D:2      | Reached XP level 3. HP: 17/19 MP: 4/7
  1633 | D:2      | Noticed Natasha
  1640 | D:2      | Killed Natasha
  1641 | D:2      | Reached skill level 1 in Ice Magic
  1692 | D:2      | Reached XP level 4. HP: 24/24 MP: 5/8
  1901 | D:2      | Noticed Natasha
  1909 | D:2      | HP: 1/24 [white imp[Natasha] (5)]
  1909 | D:2      | Slain by Natasha

Illustrated notes

Levels and vault maps discovered:
D:1:      dpeg_arrival_water_temple_mockup, layout_basic,
          minmay_misc_feat_secret_circle
D:2:      layout_rooms, chequers_serial_rivers_large_a, uniq_natasha

Skill      XL: |  1  2  3 |
---------------+----------+-----
Short Blades   | 2 |  2.0
Ice Magic      | 1 |  1.4
Dodging        | |  2.1
Stealth        | |  3.0
Spellcasting   | |  2.7
Hexes          | |  2.8

Action                   |  1- 3 |  4- 6 || total
-------------------------+-------+-------++-------
Melee: Dagger            |    60 |     8 ||    68
       Peck              |     6 |       ||     6
       Kick              |     7 |     3 ||    10
       Punch             |     1 |     1 ||     2
 Cast: Ensorcelled Hiber |    14 |     1 ||    15
  Use: Scroll            |     3 |       ||     3
 Stab: Sleeping          |    11 |     3 ||    14
Armor: Robe              |    20 |     1 ||    21
Dodge: Dodged            |    58 |     1 ||    59
